 Dungeon Crawl Stone Soup version 0.16-a0-286-g6bac339 (webtiles) character file.

196 Kashira the Gusty (level 5, 0/28 HPs)
             Began as a Tengu Air Elementalist on Aug 28, 2014.
             Was an Initiate of Qazlal.
             Succumbed to Eustachio's poison
             ... on Level 4 of the Dungeon.
             The game lasted 00:18:33 (3155 turns).

Kashira the Gusty (Tengu Air Elementalist)          Turns: 3155, Time: 00:18:33

HP   0/28        AC  2     Str  9      XL: 5   Next: 74%
MP   7/13        EV 12     Int 16      God: Qazlal [......]
Gold 103         SH  0     Dex 14      Spells:  3 memorised,  6 levels left

rFire  . . .     SeeInvis .     u - +3 quarterstaff (chaos)
rCold  . . .     Clarity  .     a - +0 robe
rNeg   . . .     rCorr    .     (no shield)
rPois  .         rRot     .     (helmet restricted)
rElec  .         Spirit   .     (no cloak)
SustAb .         Warding  .     (no gloves)
rMut   .         Stasis   .     (boots unavailable)
Gourm  .                        (no amulet)
MR     .....                    (no ring)
                                (no ring)

@: lethally poisoned, not resistant to hostile enchantments, unstealthy
A: able to fly, beak, talons 3
a: Fly, Renounce Religion


You were on level 4 of the Dungeon.
You worshipped Qazlal.
Qazlal was noncommittal.
You were hungry.

You visited 1 branch of the dungeon, and saw 4 of its levels.

You collected 103 gold pieces.

Inventory:

Hand weapons
 p - a +0 short sword of protection
 q - a +0 shortbow
 u - a +3 quarterstaff of chaos (weapon)
Missiles
 e - 6 tomahawks (quivered)
Armour
 a - a +0 robe (worn)
 v - a +2 cloak
Comestibles
 c - 3 bread rations
 d - a beef jerky
 l - 3 meat rations
 s - 5 fruits
Scrolls
 h - a scroll of noise
 i - a scroll of fog {unknown}
 k - a scroll of amnesia {unknown}
 m - 2 scrolls of remove curse
 n - a scroll of teleportation
 o - 2 scrolls of recharging {unknown}
 r - a scroll of magic mapping {unknown}
 w - a scroll of fear {unknown}
Jewellery
 g - an uncursed amulet of stasis {unknown}
Potions
 f - a potion of heal wounds {unknown}
 j - 2 potions of curing {unknown}
 t - a potion of confusion {unknown}
Books
 b - a book of Air

   Spells                             Type                      Level
   *Shock                             Conjuration/Air              1
   *Swiftness                         Charms/Air                   2
   *Repel Missiles                    Charms/Air                   2
   Flight                             Charms/Air                   3
   Static Discharge                   Conjuration/Air              3
   Lightning Bolt                     Conjuration/Air              5


   Skills:
 + Level 2.3 Dodging
 + Level 2.6 Stealth
 + Level 3.6 Spellcasting
 + Level 3.4 Conjurations
 + Level 5.4 Air Magic


You had 6 spell levels left.
You knew the following spells:

 Your Spells              Type           Power        Failure   Level  Hunger
a - Shock                 Conj/Air       ###.         3%          1    None
b - Swiftness             Chrm/Air       ##......     10%         2    ##.....
c - Repel Missiles        Chrm/Air       ##....       10%         2    ##.....


Dungeon Overview and Level Annotations

Branches:
Dungeon (4/15)
 Temple: D:4-7

Altars:
Cheibriados
Elyvilon
Fedhas
Kikubaaqudgha
Okawaru
Qazlal
Zin

Annotations:
D:4 Eustachio


Innate Abilities, Weirdness & Mutations

You can fly.
You have a beak for a mouth.
You have claws for feet.


Message History

Eustachio is severely wounded.
The crimson imp blinks!
The shadow imp shouts, "Quit, thou simpering featherweight yak-dropping!"
Eustachio stings you.
You are lethally poisoned!
Eustachio poisons you!
You closely miss Eustachio.
Eustachio is severely wounded.
You feel sick.
The shadow imp disappears for a moment.
Eustachio barely misses you.
You barely miss Eustachio. Your kick misses Eustachio. You peck Eustachio.
Eustachio is severely wounded.
You feel sick. Eustachio stings you!
* * * LOW HITPOINT WARNING * * *
* * * LOW HITPOINT WARNING * * *
You feel sick.
There is a stone staircase leading up here.
You can't go down here!
You die...

# .# .# .# + .#
... .# ....
##.###### .....
#.......#
.......##@....#.#
......a5s.........
......5##........
...<. #........
.... #........ ...
###.#### + .# .#


You could see Eustachio the scorpion, a worker ant, a crimson imp and a shadow
imp.

Vanquished Creatures
  Crazy Yiuf (D:2)
  Terence (D:2)
  7 adders
  A giant mite (D:1)
  A white imp (D:4)
  3 worms
  2 oozes
  An orc (D:3)
  2 giant cockroaches (D:3)
  7 hobgoblins
  6 kobolds
  A quokka (D:2)
  2 ball pythons
  11 bats
  2 giant geckos (D:1)
  5 giant newts
  A giant newt skeleton (D:3)
  9 goblins
  8 rats
71 creatures vanquished.

Notes
Turn   | Place    | Note
--------------------------------------------------------------
     0 | D:1      | Kashira, the Tengu Air Elementalist, began the quest for the Orb.
     0 | D:1      | Reached XP level 1. HP: 10/10 MP: 3/3
   243 | D:1      | Reached XP level 2. HP: 15/15 MP: 1/5
   327 | D:1      | Learned a level 2 spell: Swiftness
   330 | D:1      | Learned a level 2 spell: Repel Missiles
   832 | D:1      | Reached XP level 3. HP: 19/19 MP: 3/7
  1489 | D:2      | Found a white marble altar of Elyvilon.
  1663 | D:2      | Reached XP level 4. HP: 21/24 MP: 3/9
  1773 | D:2      | Noticed Terence
  2091 | D:2      | Killed Terence
  2102 | D:2      | Reached skill level 5 in Air Magic
  2108 | D:2      | Found a stormy altar of Qazlal.
  2109 | D:2      | Found a blossoming altar of Fedhas.
  2115 | D:2      | Found a snail-covered altar of Cheibriados.
  2115 | D:2      | Found an iron altar of Okawaru.
  2115 | D:2      | Found an ancient bone altar of Kikubaaqudgha.
  2116 | D:2      | Found a glowing silver altar of Zin.
  2120 | D:2      | Became a worshipper of Qazlal Stormbringer
  2170 | D:2      | Noticed Crazy Yiuf
  2178 | D:2      | Killed Crazy Yiuf
  2178 | D:2      | Reached XP level 5. HP: 16/28 MP: 1/13
  3138 | D:4      | Noticed Eustachio
  3151 | D:4      | Noticed Eustachio
  3151 | D:4      | Eustachio changed into Eustachio the scorpion
  3154 | D:4      | HP: 1/28 [poisoned by Eustachio]
  3155 | D:4      | Succumbed to Eustachio's poison

Action                   |  1- 3 |  4- 6 || total
-------------------------+-------+-------++-------
Melee: Unarmed           |     3 |       ||     3
       Short sword       |    12 |     3 ||    15
       Quarterstaff      |       |    10 ||    10
 Cast: Shock             |    83 |    95 ||   178
  Use: Scroll            |       |     3 ||     3
  Eat: Chunk             |     1 |     2 ||     3
       Bread ration      |     1 |       ||     1
